 Dungeon Crawl Stone Soup version 0.17.0-23-g0de4337 (console) character file.

123 gw the Chopper (level 4, -5/40 HPs)
             Began as a Deep Dwarf Gladiator on Nov 14, 2015.
             Slain by jw's ghost (7 damage)
             ... on level 3 of the Dungeon.
             The game lasted 00:03:18 (2005 turns).

gw the Chopper (Deep Dwarf Gladiator)               Turns: 2005, Time: 00:03:18

Health: -5/40      AC: 11    Str: 19    XL:     4   Next: 79%
Magic:  4/4        EV: 12    Int: 11    God:
Gold:   151        SH:  0    Dex: 14    Spells: 0 memorised, 3 levels left

rFire  . . .     SeeInvis .     a - +1 war axe
rCold  . . .     Clarity  .     c - +0 ring mail
rNeg   . . .     SustAt   .     (no shield)
rPois  .         Gourm    .     p - +1 helmet {Int+3}
rElec  .         Spirit   .     i - +0 cloak
rCorr  .         Warding  .     q - +0 pair of gloves
rMut   .         Stasis   .     l - +0 pair of boots
MR     .....                    (no amulet)
Stlth  +.........               (no ring)
                                (no ring)

@: non-regenerating, not resistant to hostile enchantments, very unstealthy
A: damage resistance, recharge devices, low mp 1, sense surroundings 1, slow
regeneration 3, wild magic 1
a: Device Recharging


You were on level 3 of the Dungeon.
You were not hungry.

You visited 1 branch of the dungeon, and saw 3 of its levels.

You collected 151 gold pieces.

Inventory:

Hand Weapons
 a - a +1 war axe (weapon)
Missiles
 d - 4 throwing nets
Armour
 c - a +0 ring mail (worn)
 i - a +0 cloak (worn)
 l - a +0 pair of boots (worn)
 p - a +1 helmet of intelligence (worn)
 q - a +0 pair of gloves (worn)
Wands
 e - a wand of heal wounds (3)
Scrolls
 h - 5 scrolls of identify
Potions
 g - 3 potions of curing
 k - a potion of magic
 n - a potion of invisibility
Comestibles
 f - 4 bread rations


   Skills:
 + Level 2.4 Fighting
 * Level 4.6 Axes
 - Level 1.7 Throwing
 + Level 2.5 Armour
 - Level 3.2 Dodging
 - Level 1.5 Evocations


You had 3 spell levels left.
You didn't know any spells.

Dungeon Overview and Level Annotations

Branches:
Dungeon (3/15)

Altars:
Nemelex Xobeh

Annotations:
D:2 exclusion: downstairs
D:3 jw's ghost, amateur OpBe


Innate Abilities, Weirdness & Mutations

You are resistant to damage.
You can recharge devices by infusing magical energy.
You passively map a small area around you.
You do not regenerate naturally.
Your magical capacity is low (-10% MP).
Your spells are a little harder to cast, but a little more powerful.


Message History

Trying to move but square is occupied??
Making a random move Jw's ghost hits you!
MOVING TO (2,2) Jw's ghost hits you.
MOVING TO (1,1) MOVING TO (1,0) Trying to move but square is occupied??
Making a random move You closely miss jw's ghost.
Jw's ghost is lightly damaged.
Jw's ghost barely misses you. MOVING TO (-3,0) Jw's ghost hits you.
MOVING TO (-2,0) Jw's ghost misses you.
MOVING TO (-1,0) MOVING TO (0,1) Jw's ghost hits you!
You die...

##.(.... ##(.)(.<.
######### #..(..%..
##.......###.#......
#............#......
#..................)
#.........####......
#..W......# #......
##.g.....## #......
######### ##.....
#..####
#######.#####
#.........##..
#............#
#.........####
#.........###.
#......).>....


You could see jw's ghost.

Table legend:
 A = Turns spent in this place as a percentage of turns spent in the entire game.
 B = Non-inter-level travel turns spent in this place as a percentage of non-inter-level travel turns spent in the entire game.
 C = Inter-level travel turns spent in this place as a percentage of turns spent in this place.
 D = Turns resting spent in this place as a percentage of non-inter-level travel turns spent in this place.
 E = Turns spent auto-exploring this place as a percentage of non-inter-level travel turns spent in this place.
 F = Non-inter-level travel turns spent in this place divided by the number of levels of this place that you've seen.
                   A       B       C       D       E      F
               +-------+-------+-------+-------+-------+----------------------
         Total | 100.0 | 100.0 |   0.4 |   0.1 |   2.6 | 1314.7
       Dungeon | 100.0 | 100.0 |   0.4 |   0.1 |   2.6 | 1314.7
               +-------+-------+-------+-------+-------+----------------------

Table legend:
 A = Kills in this place as a percentage of kills in entire the game.
 B = Kills by you in this place as a percentage of kills by you in the entire game.
 C = Kills by friends in this place as a percentage of kills by friends in the entire game.
 D = Other kills in this place as a percentage of other kills in the entire game.
 E = Experience gained in this place as a percentage of experience gained in the entire game.
 F = Experience gained in this place divided by the number of levels of this place that you have seen.
                   A       B       C       D       E      F
               +-------+-------+-------+-------+-------+----------------------
         Total | 100.0 | 100.0 |  -nan |  -nan | 100.0 |  58.7
       Dungeon | 100.0 | 100.0 |  -nan |  -nan | 100.0 |  58.7
               +-------+-------+-------+-------+-------+----------------------

Vanquished Creatures
  5 adders
  An ooze (D:2)
  2 worms (D:2)
  4 giant geckos
  A ball python (D:2)
  5 bats
  8 hobgoblins
  4 giant newts
  7 goblins
  10 jackals
  11 kobolds
  A quokka (D:2)
  5 rats
64 creatures vanquished.

Notes
Turn   | Place    | Note
--------------------------------------------------------------
     0 | D:1      | gw the Deep Dwarf Gladiator began the quest for the Orb.
     0 | D:1      | Reached XP level 1. HP: 19/19 MP: 1/1
   166 | D:1      | Reached XP level 2. HP: 16/26 MP: 2/2
   178 | D:1      | Reached skill level 1 in Armour
   538 | D:1      | Gained mutation: Your spells are a little harder to cast, but a little more powerful. [potion of mutation]
   538 | D:1      | Gained mutation: Your magical capacity is low (-10% MP). [potion of mutation]
   606 | D:2      | Reached XP level 3. HP: 32/32 MP: 3/3
   667 | D:2      | Reached skill level 1 in Evocations
   926 | D:2      | Reached skill level 4 in Axes
   984 | D:2      | Reached XP level 4. HP: 32/39 MP: 4/4
  1021 | D:2      | Found a sparkling altar of Nemelex Xobeh.
  1858 | D:3      | Noticed jw's ghost (amateur OpBe)
  2002 | D:3      | HP: 2/40 [jw's ghost (3)]
  2005 | D:3      | Slain by jw's ghost

Action                   |  1- 3 |  4- 6 || total
-------------------------+-------+-------++-------
Melee: War axe           |    83 |    76 ||   159
Evoke: Wand              |     1 |     1 ||     2
  Use: Potion            |     5 |       ||     5
       Scroll            |     3 |     3 ||     6
 Stab: Sleeping          |       |     1 ||     1
  Eat: Chunk             |     1 |     3 ||     4

Vault maps used:
D:1:      dpeg_arrival_line_fractal
D:2:      amethyst_killhole, nemelex_deck
D:3:      first_bread
